 Dungeon Crawl Stone Soup version 0.29-a0-344-ge2f44be95a (webtiles) character file.

Game seed: 13626048193990501690

174461 Querens the Eclecticist (level 17, -19/108 HPs)
             Began as a Deep Elf Conjurer on Apr 22, 2022.
             Was the Champion of Vehumet.
             Killed from afar by a salamander tyrant (50 damage)
             ... with a flame surge
             ... on level 4 of the Snake Pit.
             The game lasted 01:49:14 (13799 turns).

Querens the Eclecticist (Deep Elf Conjurer)        Turns: 13799, Time: 01:49:15

Health: -19/108    AC: 16    Str:  4    XL:     17   Next: 45%
Magic:  57/70      EV: 11    Int: 37    God:    Vehumet [******]
Gold:   1450       SH:  5    Dex: 13    Spells: 6/55 levels left

rFire   . . .      SeeInvis .   s - +0 long sword of the Walnut {venom, *Rage Fly rPois rCorr}
rCold   . . .      Faith    .   i - +0 buckler
rNeg    . . .      Spirit   .   E - +4 troll leather armour
rPois   +          Reflect  .   B - +3 hat of Pondering {ponderous, Will+ MP+10 Int+5}
rElec   .          Harm     .   P - +0 cloak
rCorr   +          Rampage  .   A - +2 pair of gloves
Will    ++...      Rage     20% a - +0 pair of boots
Stlth   ++........              h - amulet of magic regeneration
HPRegen 1.08/turn               l - ring of magical power
MPRegen 0.82/turn               H - ring of magical power

@: weakened, flying, slow
A: no striking features
a: Renounce Religion


You were on level 4 of the Snake Pit.
You worshipped Vehumet.
Vehumet was exalted by your worship.
You visited 5 branches of the dungeon, and saw 27 of its levels.
You also visited: Ice Cave.

You collected 3067 gold pieces.
You spent 1617 gold pieces at shops.

Inventory:

Hand Weapons
 s - the +0 long sword of the Walnut (weapon) {venom, *Rage Fly rPois rCorr}
   (You found it on level 1 of the Snake Pit)

   It poisons the flesh of those it strikes.
   rPois:     It protects you from poison.
   Fly:       It grants you flight.
   *Rage:     It berserks you when you make melee attacks (+20% chance).
   rCorr:     It protects you from acid and corrosion.
Armour
 a - a +0 pair of boots (worn)
 i - a +0 buckler (worn)
 t - the +2 helmet of the Game Afoot {Str-5 SInv Stlth+}
   (You bought it in a shop on level 2 of the Orcish Mines)

   Str:       It affects your strength (-5).
   SInv:      It lets you see invisible.
   Stlth:     It makes you more stealthy.
 A - a +2 pair of gloves (worn)
 B - the +3 hat of Pondering (worn) {ponderous, Will+ MP+10 Int+5}
   (You took it off Gastronok on level 3 of the Lair of Beasts)

   Int:       It affects your intelligence (+5).
   MP:        It affects your magic capacity (+10).
   Will:      It increases your willpower.
 E - a +4 troll leather armour (worn)
 P - a +0 cloak (worn)
 R - an orb of energy
 V - the +3 leather armour of Trial and Error {rF+ rC+ Will+ Str+2}
   (You found it on level 4 of the Snake Pit)

   Str:       It affects your strength (+2).
   rF:        It protects you from fire.
   rC:        It protects you from cold.
   Will:      It increases your willpower.
Magical Staves
 M - a staff of fire
Jewellery
 e - a ring of ice
 h - an amulet of magic regeneration (around neck)
 l - a ring of magical power (left hand)
 w - a ring of fire
 D - the ring "Zaetzeon" {Will+ Dex+6}
   (You found it on level 1 of the Snake Pit)

   [ring of willpower]

   Dex:       It affects your dexterity (+6).
   Will:      It increases your willpower.
 H - a ring of magical power (right hand)
 K - the ring "Yxkan" {Int+6 Dex+4}
   (You found it on level 1 of the Snake Pit)

   [ring of intelligence]

   Int:       It affects your intelligence (+6).
   Dex:       It affects your dexterity (+4).
 W - a ring of flight
Wands
 p - a wand of digging (21)
 u - a wand of paralysis (4)
 Q - a wand of acid (23)
 S - a wand of iceblast (6)
Scrolls
 c - 2 scrolls of amnesia
 j - 8 scrolls of blinking
 n - 5 scrolls of immolation
 r - 11 scrolls of teleportation
 v - 3 scrolls of silence
 x - 7 scrolls of fear
 y - 3 scrolls of magic mapping
 L - 4 scrolls of enchant weapon
 N - 2 scrolls of summoning
 O - 4 scrolls of fog
 T - 3 scrolls of holy word
 U - 2 scrolls of enchant armour
 X - 3 scrolls of brand weapon
Potions
 b - 7 potions of magic
 d - 6 potions of haste
 f - 2 potions of berserk rage
 g - 9 potions of curing
 k - 4 potions of brilliance
 m - a potion of ambrosia {unknown}
 o - a potion of mutation {unknown}
 q - 2 potions of lignification
 z - 6 potions of might
 C - 2 potions of flight
 F - 2 potions of resistance
 G - a potion of cancellation {unknown}
 J - 2 potions of invisibility
 Z - a potion of heal wounds


   Skills:
 + Level 12.4 Fighting
 - Level 2.4 Dodging
 - Level 2.4 Stealth
 - Level 5.0 Shields
 + Level 19.7 Spellcasting
 + Level 17.1 Conjurations
 - Level 8.3 Summonings
 - Level 11.0 Translocations
 + Level 8.2 Fire Magic
 - Level 6.0 Air Magic
 - Level 11.3 Earth Magic


You had 6 spell levels left.
You knew the following spells:

 Your Spells              Type           Power      Damage    Failure   Level
a - Magic Dart            Conj           100%       1d8       0%          1
b - Searing Ray           Conj           100%       2d8       0%          2
c - Iskenderun's Mystic   Conj/Tloc      96%        2d19      1%          4
d - Fulminant Prism       Conj/Hex       39%        3d18      1%          4
e - Iskenderun's Battles  Conj           100%       2d15      1%          5
f - Lehudib's Crystal Sp  Conj/Erth      48%        10d12     10%         8
g - Spellforged Servitor  Conj/Summ      46%        N/A       2%          7
h - Fire Storm            Conj/Fire      46%        8d12      91%         9
i - Swiftness             Air            69%        N/A       1%          3
j - Starburst             Conj/Fire      46%        6d13      1%          6

Your spell library contained the following spells:

 Spells                   Type           Power      Damage    Failure   Level
 Conjure Ball Lightning   Conj/Air       44%        3x3d15    1%          6
 Shock                    Conj/Air       100%       1d9       0%          1
 Static Discharge         Conj/Air       89%        N/A       0%          2
 Pain                     Necr           100%       1d9       1%          1
 Sting                    Tmut/Pois      100%       1d8       1%          1
 Call Imp                 Summ           78%        N/A       1%          2
 Passwall                 Tmut/Erth      56%        N/A       1%          2
 Poisonous Vapours        Pois/Air       100%       N/A       1%          2
 Dazzling Flash           Conj/Hex       100%       N/A       1%          3
 Mephitic Cloud           Conj/Pois/Air  76%        N/A       1%          3
 Airstrike                Air            34%        N/A       1%          4
 Flame Wave               Conj/Fire      92%        2d16      1%          4
 Hailstorm                Conj/Ice       79%        3d16      1%          4
 Passage of Golubria      Tloc           87%        N/A       1%          4
 Petrify                  Tmut/Erth      68%        N/A       1%          4
 Freezing Cloud           Conj/Ice/Air   38%        6-21      1%          5
 Irradiate                Conj/Tmut      39%        3d26      1%          5
 Lightning Bolt           Conj/Air       44%        1d64      1%          5
 Iron Shot                Conj/Erth      48%        9d9       1%          6
 Ensorcelled Hibernation  Hex/Ice        72%        N/A       2%          2
 Sublimation of Blood     Necr           36%        N/A       2%          2
 Olgreb's Toxic Radiance  Pois           36%        N/A       5%          4
 Silence                  Hex/Air        27%        N/A       14%         5
 Ice Form                 Ice/Tmut       36%        N/A       19%         4
 Statue Form              Tmut/Erth      45%        N/A       26%         6
 Agony                    Necr           36%        N/A       45%         5
 Excruciating Wounds      Necr           18%        N/A       45%         5
 Metabolic Englaciation   Hex/Ice        18%        N/A       45%         5
 Simulacrum               Ice/Necr       18%        N/A       95%         6
 Orb of Destruction       Conj           52%        9d13      1%          7
 Ignition                 Fire           39%        3d12      67%         8
 Maxwell's Capacitive Co  Air            34%        ∞         91%         8
 Ozocubu's Refrigeration  Ice            18%        4d8       97%         7


Dungeon Overview and Level Annotations

Branches:
Dungeon (14/15)            Temple (1/1) D:6            Lair (6/6) D:11
  Swamp (0/4) Lair:4        Snake (4/4) Lair:4        Slime (0/5) Lair:5
    Orc (2/2) D:12            Elf (0/3) Orc:2         IceCv (visited)
 Vaults: D:13-14

Altars:
Ashenzari
Cheibriados
Dithmenos
Elyvilon
Fedhas
Gozag
Kikubaaqudgha
Okawaru
Qazlal
Ru
Sif Muna
Trog
Uskayaw
Vehumet
Wu Jian
Xom
Zin
The Shining One
Jiyva
Lugonu

Shops:
Orc:2 [[(((   Snake:2 (:   Snake:4 =*[[

Portals:
Abyss: Lair:6


Message History

The flame surge hits you!!
The flame surge hits your fulminant prism!!
Your fulminant prism resists.
Your fulminant prism detonates feebly.
Unknown command.
Unknown command.
Casting: Fulminant Prism (safe; 1% risk of failure)
Confirm with . or Enter, or press ? or * to list all spells.
You erupt in a blast of force!
The mystic blast hits the salamander!
The salamander is severely wounded.
The mystic blast hits the salamander tyrant!
The salamander tyrant is moderately wounded.
The salamander tyrant is knocked back by the mystic blast.
The salamander tyrant collides with the salamander tyrant!
The salamander tyrant is lightly wounded.
The salamander tyrant is heavily wounded.
The mystic blast hits the salamander!
The salamander is lightly wounded.
The salamander is knocked back by the mystic blast.
The salamander collides with the salamander tyrant!
The salamander tyrant is heavily wounded.
The salamander is heavily wounded.
The mystic blast hits the salamander.
The salamander is heavily wounded.
The salamander is knocked back by the mystic blast.
The salamander slams into the stone wall!
The salamander is severely wounded.
You hear a shout!
A barrage of energy appears from out of your range of vision.
The barrage of energy hits the salamander!
The salamander is moderately wounded.
The salamander tyrant calls gouts of flame from the lava!
The flame surge hits you!!
* * * LOW HITPOINT WARNING * * *
The flame surge hits your battlesphere.
Your battlesphere resists.
Your battlesphere is destroyed!
The salamander tyrant calls gouts of flame from the lava!
The flame surge hits you!!!
You die...

******##* ****,≈≈≈≈≈.###*
*,,,,,≈≈§§SN§.#* ,,≈≈≈,,,,N§§≈§§*
≈,≈≈≈≈,,,§§§N§§###
≈,≈≈≈≈,,,§§§≈N§§§###
≈,≈≈≈≈≈,≈§§§§N§§.≈.##
,,,≈≈≈≈,≈≈§N.NN.@≈..##
≈≈,≈≈≈≈,≈§≈≈NN≈≈###..#
≈≈,,,,,,,N..§§≈#* #..#
≈≈≈≈≈#####§§§≈§* ##..#
≈≈≈≈##≈≈≈##§N§≈*##..## #
**≈##.≈≈≈.##≈####..## #
,###.......###.##.)##############
*.............#....#........[..(.
,.#.........#.....##.############


You could see a naga sharpshooter, 3 salamander tyrants and 6 salamanders.

Vanquished Creatures
  Frances (Snake:2)
  Gastronok (Lair:3)
  The ghost of Bekhiuw the Wallflower, an adept DsDe of Uskayaw (Snake:1)
  An orc warlord (Orc:2)
  A frost giant (IceCv)
  Aizul (Snake:1)
  Snorg (D:10)
  Josephine (D:10)
  The ghost of Vuiwum the Convoker, a journeyman TeSu of Hepliaklqana (Lair:5)
  12 hydras
  A salamander tyrant (Snake:4)
  12 anacondas
  2 boulder beetles
  8 naga warriors
  Erica (D:11)
  12 death yaks
  A tengu warrior (D:14)
  5 naga sharpshooters
  Urug (Orc:1)
  4 orc high priests
  3 thrashing horrors (Lair:6)
  Sonja (Orc:1)
  2 shock serpents
  A salamander mystic (Snake:2)
  A harpy (shapeshifter) (D:13)
  5 lindwurms
  10 naga ritualists
  5 orc knights
  16 mana vipers
  5 orc sorcerers (Orc:2)
  A deep elf pyromancer (D:12)
  A cyclops (D:14)
  4 ugly things
  3 manticores
  3 salamanders
  3 elephants (Lair:4)
  45 black mambas
  An ice statue (IceCv)
  A guardian serpent (Snake:4)
  Maurice (Orc:1)
  15 cane toads
  2 smoke demons (Lair:6)
  10 naga magi
  Joseph (D:10)
  16 komodo dragons
  A gargoyle (D:12)
  9 rime drakes
  A kobold demonologist (D:9)
  An unseen horror (D:12)
  An efreet (D:13)
  An ancient zyme (Lair:6)
  3 tengu conjurers
  5 trolls
  10 polar bears
  A hornet (D:10)
  4 slime creatures
  22 blink frogs
  7 dream sheep
  A spriggan (Lair:6)
  8 wraiths
  A ynoxinul (Lair:6)
  A large abomination (Lair:6)
  2 wyverns (Lair:2)
  98 yaks
  7 basilisks
  3 chaos spawn (Lair:6)
  3 steam dragons
  2 vampire mosquitoes (D:11)
  4 wargs (Orc:2)
  30 nagas
  18 water moccasins
  2 sky beasts
  2 black bears
  24 orc warriors
  An ice beast (D:6)
  5 ogres
  24 wolves
  4 centaurs
  3 phantoms
  3 kobold brigands
  14 bullfrogs
  Blork the orc (D:4)
  4 gnoll sergeants
  3 two-headed ogre simulacra (Orc:1)
  4 necrophages
  A scorpion (D:5)
  10 wights
  A killer bee (D:8)
  An elephant simulacrum (Orc:1)
  4 howler monkeys
  8 hounds
  11 orc priests
  A gnoll shaman (D:8)
  2 jellies
  An iguana (D:6)
  An iguana (shapeshifter) (Lair:6)
  19 orc wizards
  A troll simulacrum (Orc:1)
  3 spriggan simulacra (Orc:1)
  4 small abominations (Lair:6)
  Robin (D:2)
  23 gnolls
  7 adders
  2 white imps
  A worm (D:3)
  3 dart slugs
  51 orcs
  2 bat zombies (D:3)
  11 endoplasms
  A giant cockroach (D:2)
  16 goblins
  15 hobgoblins
  4 quokkas
  7 ball pythons
  3 bats
  3 frilled lizards
  22 kobolds
  3 rats
  A rat zombie (D:3)
  A fulminant prism (D:10)
807 creatures vanquished.

Vanquished Creatures (collateral kills)
  Rupert (Snake:1)
  Jorgrun (Snake:2)
  Roxanne (Snake:2)
  3 nagarajas
  A salamander tyrant (Snake:4)
  An anaconda (Snake:4)
  4 naga warriors
  7 naga sharpshooters
  2 shock serpents (Snake:4)
  7 naga ritualists
  5 mana vipers
  6 salamanders
  13 black mambas
  2 guardian serpents
  3 naga magi
  A basilisk (Lair:2)
  13 nagas
71 creatures vanquished.

Vanquished Creatures (others)
  2 gnolls
  86 fulminant prisms
  42 fungi
  33 plants
163 creatures vanquished.

Grand Total: 1041 creatures vanquished

Notes
Turn   | Place    | Note
-------+----------+-------------------------------------------
     0 | D:1      | Querens the Deep Elf Conjurer began the quest for the Orb.
     0 | D:1      | Reached XP level 1. HP: 10/10 MP: 6/6
     3 | D:1      | Noticed an electric eel
     3 | D:1      | Noticed an electric eel
   231 | D:1      | Reached XP level 2. HP: 8/15 MP: 4/8
   247 | D:1      | Found a faded altar of an unknown god.
   248 | D:1      | Noticed a golden eye
   256 | D:1      | Noticed a great orb of eyes
   263 | D:1      | Noticed a shining eye
   271 | D:1      | Noticed a shining eye
   331 | D:1      | Learned a level 2 spell: Searing Ray
   438 | D:1      | Reached skill level 4 in Spellcasting
   630 | D:2      | Reached XP level 3. HP: 19/19 MP: 7/10
   636 | D:2      | Reached skill level 5 in Conjurations
   708 | D:2      | Noticed Robin
   733 | D:2      | Killed Robin
   770 | D:2      | Reached XP level 4. HP: 18/24 MP: 6/12
   801 | D:2      | Learned a level 4 spell: Iskenderun's Mystic Blast
   806 | D:2      | Learned a level 4 spell: Fulminant Prism
  1444 | D:3      | Reached skill level 5 in Spellcasting
  1444 | D:3      | Reached skill level 1 in Translocations
  1491 | D:3      | Reached XP level 5. HP: 28/28 MP: 10/14
  1702 | D:3      | Found an ancient bone altar of Kikubaaqudgha.
  1873 | D:4      | Reached XP level 6. HP: 27/32 MP: 13/16
  1875 | D:4      | Reached skill level 6 in Spellcasting
  1997 | D:4      | Noticed Blork the orc
  2006 | D:4      | Killed Blork the orc
  2034 | D:4      | Reached XP level 7. HP: 32/36 MP: 19/19
  2098 | D:4      | Found an opulent altar of Gozag.
  2120 | D:4      | Reached skill level 7 in Spellcasting
  2295 | D:5      | Entered Level 5 of the Dungeon
  2318 | D:5      | Reached skill level 1 in Fighting
  2417 | D:5      | Reached XP level 8. HP: 44/44 MP: 21/21
  2440 | D:5      | Reached skill level 5 in Translocations
  2491 | D:5      | Reached skill level 8 in Spellcasting
  2500 | D:5      | Found an iron altar of Okawaru.
  2983 | D:6      | Found a staircase to the Ecumenical Temple.
  2992 | Temple   | Entered the Ecumenical Temple
  3007 | Temple   | Became a worshipper of Vehumet
  3150 | D:6      | Reached skill level 9 in Spellcasting
  3150 | D:6      | Reached XP level 9. HP: 51/51 MP: 24/24
  3383 | D:7      | Found a white marble altar of Elyvilon.
  3570 | D:7      | Found the brooch of Shielding {Spirit SH+8}
  3619 | D:7      | Found a sacrificial altar of Ru.
  3823 | D:8      | Reached * piety under Vehumet
  3823 | D:8      | Offered knowledge of Freeze by Vehumet.
  4000 | D:8      | Reached skill level 10 in Spellcasting
  4294 | D:9      | Noticed a kobold demonologist
  4303 | D:9      | Killed a kobold demonologist
  4345 | D:9      | Noticed a tengu conjurer
  4352 | D:9      | Killed a tengu conjurer
  4353 | D:9      | Reached skill level 5 in Fighting
  4353 | D:9      | Reached XP level 10. HP: 59/59 MP: 26/26
  4637 | D:9      | Offered knowledge of Sandblast by Vehumet.
  4638 | D:9      | Reached ** piety under Vehumet
  4641 | D:9      | Reached skill level 11 in Spellcasting
  4641 | D:9      | Reached skill level 10 in Conjurations
  4717 | D:9      | Found a bloodstained altar of Trog.
  4747 | D:9      | Identified the +8 dagger of the Heavens {elec, rElec rF+
                  | Str-5}
  4856 | D:10     | Entered Level 10 of the Dungeon
  4876 | D:10     | Noticed a manticore
  4911 | D:10     | Killed a manticore
  4964 | D:10     | Reached XP level 11. HP: 54/64 MP: 15/28
  5068 | D:10     | Noticed Snorg
  5081 | D:10     | Killed Snorg
  5082 | D:10     | Reached skill level 12 in Spellcasting
  5175 | D:10     | Noticed Joseph
  5180 | D:10     | Killed Joseph
  5181 | D:10     | Reached skill level 1 in Shields
  5193 | D:10     | Found a stormy altar of Qazlal.
  5241 | D:10     | Found a hide-covered altar of Uskayaw.
  5375 | D:10     | Noticed Josephine
  5385 | D:10     | Offered knowledge of Inner Flame by Vehumet.
  5389 | D:10     | Killed Josephine
  5688 | D:11     | Noticed a five-headed hydra
  5700 | D:11     | Killed a five-headed hydra
  5701 | D:11     | Reached skill level 10 in Translocations
  5713 | D:11     | Reached *** piety under Vehumet
  5776 | D:11     | Noticed a death yak
  5779 | D:11     | Found a staircase to the Lair.
  5781 | D:11     | Noticed a death yak
  5782 | D:11     | Noticed a death yak
  5795 | D:11     | Killed a death yak
  5801 | D:11     | Killed a death yak
  5802 | D:11     | Reached skill level 13 in Spellcasting
  5803 | D:11     | Killed a death yak
  5815 | D:11     | Learned a level 5 spell: Iskenderun's Battlesphere
  5868 | D:11     | You fall into a shaft and drop 3 floors!
  5880 | D:14     | Noticed a tengu warrior
  5889 | D:14     | Killed a tengu warrior
  5889 | D:14     | Noticed a boulder beetle
  5891 | D:14     | Noticed a centaur warrior
  5901 | D:14     | Offered knowledge of Sticky Flame by Vehumet.
  5902 | D:14     | Reached XP level 12. HP: 16/72 MP: 8/31
  5986 | D:13     | HP: 1/72 [efreet/bolt of fire (30)]
  6031 | D:12     | Found a staircase to the Orcish Mines.
  6146 | D:11     | Noticed Erica
  6159 | D:11     | Killed Erica
  6235 | D:11     | Learned a level 8 spell: Lehudib's Crystal Spear
  6243 | D:11     | Learned a level 7 spell: Spellforged Servitor
  6256 | D:11     | Noticed a five-headed hydra
  6260 | D:11     | Killed a five-headed hydra
  6296 | D:11     | Reached skill level 1 in Earth Magic
  6298 | D:11     | Reached skill level 1 in Summonings
  6805 | D:12     | Reached **** piety under Vehumet
  6940 | D:12     | Noticed a boulder beetle
  6956 | D:12     | Killed a boulder beetle
  6956 | D:12     | Offered knowledge of Yara's Violent Unravelling by Vehumet.
  7070 | D:13     | Reached skill level 14 in Spellcasting
  7116 | Orc:1    | Entered Level 1 of the Orcish Mines
  7117 | Orc:1    | Noticed an orc high priest
  7123 | Orc:1    | Noticed Urug
  7127 | Orc:1    | Killed an orc high priest
  7136 | Orc:1    | Killed Urug
  7201 | Orc:2    | Entered Level 2 of the Orcish Mines
  7205 | Orc:2    | Noticed an orc warlord
  7207 | Orc:2    | Reached skill level 5 in Shields
  7212 | Orc:2    | Reached XP level 13. HP: 78/78 MP: 33/33
  7219 | Orc:2    | Killed an orc warlord
  7240 | Orc:1    | Found a frozen archway.
  7243 | Orc:1    | Reached ***** piety under Vehumet
  7243 | Orc:1    | Offered knowledge of Freezing Cloud by Vehumet.
  7253 | IceCv    | Entered an ice cave
  7278 | IceCv    | Reached skill level 5 in Earth Magic
  7316 | IceCv    | Reached skill level 5 in Summonings
  7536 | IceCv    | Noticed a frost giant
  7547 | IceCv    | Killed a frost giant
  7548 | IceCv    | Reached skill level 15 in Spellcasting
  7722 | Orc:1    | Noticed Sonja
  7724 | Orc:1    | Killed Sonja
  7799 | Orc:2    | Found Essoruun's Weapon Boutique.
  7818 | Orc:2    | Offered knowledge of Ozocubu's Refrigeration by Vehumet.
  7824 | Orc:2    | Found a staircase to the Elven Halls.
  7988 | Orc:2    | Reached XP level 14. HP: 82/86 MP: 18/35
  8003 | Orc:2    | Paralysed by an orc sorcerer for 6 turns
  8033 | Orc:2    | Found Edwasiti's Weapon Shoppe.
  8033 | Orc:2    | Found Ubrem's Antique Weapon Shoppe.
  8034 | Orc:2    | Found Ixted's Antique Armour Boutique.
  8036 | Orc:2    | Found Cuxkeh's Antique Armour Boutique.
  8055 | Orc:2    | Bought an ichor-stained long sword for 289 gold pieces
  8055 | Orc:2    | Identified the +2 long sword of Perfectionism {venom, rN+}
                  | (You bought it in a shop on level 2 of the Orcish Mines)
  8069 | Orc:2    | Bought a heavily runed helmet for 237 gold pieces
  8069 | Orc:2    | Identified the +2 helmet of the Game Afoot {Str-5 SInv
                  | Stlth+} (You bought it in a shop on level 2 of the Orcish
                  | Mines)
  8069 | Orc:2    | Bought a shiny helmet for 187 gold pieces
  8159 | Orc:1    | Noticed Maurice
  8162 | Orc:1    | Killed Maurice
  8307 | Lair:1   | Entered Level 1 of the Lair of Beasts
  8556 | Lair:1   | Offered knowledge of Orb of Destruction by Vehumet.
  8590 | Lair:1   | Learned a level 7 spell: Orb of Destruction
  8682 | Lair:1   | Found a hide-covered altar of Uskayaw.
  8682 | Lair:1   | Found an ornate altar of the Wu Jian Council.
  8893 | Lair:2   | Reached skill level 16 in Spellcasting
  9334 | Lair:3   | Identified a scroll of acquirement
  9335 | Lair:3   | Acquired the +10 quick blade of Yppann {flame, Drain rCorr
                  | Str+5 Int+2}
  9682 | Lair:3   | Noticed Gastronok
  9693 | Lair:3   | Killed Gastronok
  9715 | Lair:3   | Learned a level 3 spell: Swiftness
  9869 | Lair:4   | Found a staircase to the Swamp.
  9949 | Lair:4   | Reached skill level 10 in Fighting
  9949 | Lair:4   | Reached skill level 1 in Air Magic
 10150 | Lair:4   | Found a staircase to the Snake Pit.
 10359 | Lair:5   | Found a staircase to the Slime Pits.
 10360 | Lair:5   | Found a viscous altar of Jiyva.
 10390 | Lair:5   | Found a transporter.
 10390 | Lair:5   | Noticed Vuiwum's ghost (journeyman TeSu)
 10402 | Lair:5   | Found a transporter.
 10420 | Lair:5   | Killed Vuiwum's ghost
 10421 | Lair:5   | Reached XP level 15. HP: 92/92 MP: 37/37
 10616 | Lair:5   | Offered knowledge of Eringya's Noxious Bog by Vehumet.
 10650 | Lair:5   | Found an opulent altar of Gozag.
 10783 | Lair:6   | Entered Level 6 of the Lair of Beasts
 10823 | Lair:6   | Reached skill level 17 in Spellcasting
 10832 | Lair:6   | Reached skill level 15 in Conjurations
 10878 | Lair:6   | Found a shimmering altar of Xom.
 11173 | Lair:6   | Reached skill level 10 in Earth Magic
 11263 | Lair:6   | Found a corrupted altar of Lugonu.
 11263 | Lair:6   | Found a one-way gate to the infinite horrors of the Abyss.
 11320 | Lair:6   | Reached ****** piety under Vehumet
 11320 | Lair:6   | Offered knowledge of Starburst by Vehumet.
 11331 | Lair:6   | Learned a level 6 spell: Starburst
 11447 | Lair:5   | Reached skill level 5 in Air Magic
 11495 | Snake:1  | Entered Level 1 of the Snake Pit
 11503 | Snake:1  | Reached skill level 1 in Fire Magic
 11512 | Snake:1  | Found a runed translucent gate.
 11512 | Snake:1  | Found a runed translucent gate.
 11512 | Snake:1  | Noticed Bekhiuw's ghost (adept DsDe)
 11516 | Snake:1  | Found a runed translucent gate.
 11534 | Snake:1  | Killed Bekhiuw's ghost
 11576 | Snake:1  | Identified the +0 long sword of the Walnut {venom, *Rage
                  | Fly rPois rCorr}
 11584 | Snake:1  | Identified the ring "Zaetzeon" {Will+ Dex+6}
 11586 | Snake:1  | Identified the ring "Yxkan" {Int+6 Dex+4}
 11672 | Snake:1  | Noticed Rupert
 11686 | Snake:1  | Killed Rupert
 11751 | Snake:1  | Noticed Aizul
 11757 | Snake:1  | Reached XP level 16. HP: 89/96 MP: 39/39
 11758 | Snake:1  | Killed Aizul
 11938 | Snake:1  | Reached skill level 18 in Spellcasting
 12116 | Snake:2  | Noticed Jorgrun
 12123 | Snake:2  | Killed Jorgrun
 12175 | Snake:2  | Acquired 697 gold pieces
 12211 | Snake:2  | Noticed Frances
 12225 | Snake:2  | Noticed Roxanne
 12238 | Snake:2  | Killed Frances
 12242 | Snake:2  | Offered knowledge of Lee's Rapid Deconstruction by Vehumet.
 12263 | Snake:2  | Reached skill level 5 in Fire Magic
 12276 | Snake:2  | Killed Roxanne
 12332 | Snake:2  | Found Dimuater's Antique Weapon Shoppe.
 12340 | Snake:2  | Found Zasomnei's Book Shoppe.
 12351 | Snake:2  | Bought Cerebov's Compendium of Confrontation and the Blaze
                  | for 714 gold pieces
 12362 | Snake:2  | Learned a level 9 spell: Fire Storm
 13144 | Snake:4  | Entered Level 4 of the Snake Pit
 13188 | Snake:4  | Reached skill level 19 in Spellcasting
 13311 | Snake:4  | Reached XP level 17. HP: 98/106 MP: 42/42
 13376 | Snake:4  | Identified the +3 morningstar "Boxet" {flame, Dex+7}
 13377 | Snake:4  | Identified the +3 leather armour of Trial and Error {rF+
                  | rC+ Will+ Str+2}
 13613 | Snake:4  | Found Faoroasol's Armour Shoppe.
 13617 | Snake:4  | Found Yssih's Armour Shoppe.
 13617 | Snake:4  | Found Wamepn's General Store.
 13620 | Snake:4  | Found Xojedgh's Jewellery Emporium.
 13636 | Snake:4  | Bought a potion of haste for 190 gold pieces
 13652 | Snake:4  | Offered knowledge of Conjure Ball Lightning by Vehumet.
 13751 | Snake:4  | Identified the +2 robe of Parlour Games {rF+ Str+6}
 13799 | Snake:4  | Killed from afar by a salamander tyrant

Illustrated notes

Levels and vault maps discovered:
D:1:      arrival_aquarium_b, layout_basic,
          hellmonk_ecumenical_altar_watching_god
D:2:      layout_basic, kennysheep_generic_room_15, uniq_robin
D:3:      layout_basic, lemuel_zombie_altar_kikubaaqudgha, grunt_ministairs_7,
          hangedman_decor_riveting
D:4:      layout_rooms, general_overflow_altar, serial_bayou_pond_b,
          mrwooster_statue_mirror, uniq_blork_the_orc
D:5:      layout_rooms, marbit_many_paths
D:6:      layout_basic, minmay_temple_entry_slanted, st_stairs_13
D:7:      layout_gridville, elyvilon_altar_5,
          nicolae_ru_great_annihilating_truth
D:8:      layout_basic, st_stairs_2
D:9:      layout_cave_pods, mainiacjoe_overflow_catwalk, wad_floor_pattern_1
D:10:     layout_cave_pods, kennysheep_mini_moat,
          nicolae_qazlal_general_emergency, uniq_joseph, uniq_josephine,
          uniq_snorg
D:11:     layout_roguey, dpeg_lair_monsters, grunt_ministairs_7, uniq_erica
D:12:     minmay_the_grid_octo_2x2 [minmay_the_grid_octo_thin_diamonds,
          minmay_the_grid_octo_fan_narrow, minmay_the_grid_octo_77,
          minmay_the_grid_octo_prize_ultimate_mussel_roller], layout_cross,
          patterned_corridor
D:13:     layout_loops_ring, david_vaults_5, biasface_ghost_orc_armoury
D:14:     layout_basic, serial_glass, glass_columns_b, glass_columns_a,
          glass_columns_c, glass_columns_b, glass_columns_a, glass_columns_b,
          uniq_agnes
Temple:   zaba_magenta_temple
Lair:1:   beast_lair_carwin_large_3, layout_chaotic_city,
          nzn_masters_of_martial_movement, serial_bayou_shore_b
Lair:2:   layout_chaotic_city
Lair:3:   layout_gridlike, uniq_gastronok
Lair:4:   layout_regular_city, swamp_mist, minmay_snake_entry_six_corridors,
          infiniplex_staircase_pool, grunt_megastairs_5, serial_bayou_shore_a
Lair:5:   layout_gridlike, slime_altar_1, gammafunk_ghost_arena, basic_altar,
          beast_lair_carwin_7
Lair:6:   hellmonk_lair_end_abyssal_woods, layout_concentric_octagons,
          basic_altar, grunt_megastairs_1
Snake:1:  layout_rooms, gammafunk_ghost_split, nicolae_snake_linked_coils,
          uniq_aizul, uniq_rupert
Snake:2:  layout_onion, st_stairs_10, minmay_shop_star, grunt_megastairs_3,
          uniq_roxanne, uniq_frances, uniq_jorgrun
Snake:3:  layout_rooms, nrook_loot_triangle
Snake:4:  grunt_snake_rune_pools, layout_basic, nicolae_snake_naga_rites,
          minmay_shoptagon
Orc:1:    layout_diamond_mine, portal_ice_cave_entry_ice_simulacra, uniq_sonja,
          uniq_urug, uniq_maurice
Orc:2:    st_orc_elflike, layout_diamond_mine, serial_shops,
          nicolae_shop_behind_doors

Skill      XL: |  1  2  3  4  5  6  7  8  9 10 11 12 13 14 15 16 17 |
---------------+----------------------------------------------------+-----
Spellcasting   | 4 5 6 7 9 10 11 13 14 15 16 17 19 | 19.7
Conjurations   | 5 6 7 8 9 10 11 12 13 14 15 16 17 | 17.1
Translocations | 1 2 3 4 6 7 9 10 11 | 11.0
Fighting       | 1 3 5 6 7 8 9 10 11 12 | 12.4
Shields        | 3 5 |  5.0
Earth Magic    | 4 6 8 10 11 | 11.3
Summonings     | 4 6 8 |  8.3
Air Magic      | 2 5 6 |  6.0
Fire Magic     | 2 6 8 |  8.2
Dodging        | |  2.4
Stealth        | |  2.4

Action                   |  1- 3 |  4- 6 |  7- 9 | 10-12 | 13-15 | 16-18 || total
-------------------------+-------+-------+-------+-------+-------+-------++-------
Melee: Dagger            |       |     1 |       |       |       |       ||     1
       Flail             |       |       |    11 |     2 |     1 |       ||    14
       Quick blade       |       |       |       |       |     6 |       ||     6
       Long sword        |       |       |       |       |     2 |       ||     2
 Cast: Magic Dart        |    28 |    32 |    35 |    26 |    86 |    15 ||   222
       Searing Ray       |    16 |    24 |    48 |    14 |    50 |    25 ||   177
       Iskenderun's Myst |       |       |    41 |   138 |   269 |    90 ||   538
       Fulminant Prism   |       |       |     3 |    46 |    31 |     7 ||    87
       Iskenderun's Batt |       |       |       |    17 |    80 |    29 ||   126
       Orb of Destructio |       |       |       |       |     8 |     1 ||     9
       Spellforged Servi |       |       |       |       |     4 |    32 ||    36
       Lehudib's Crystal |       |       |       |       |       |     2 ||     2
Evoke: Wand              |       |       |     2 |       |       |       ||     2
  Use: Potion            |       |       |     1 |     4 |       |       ||     5
       Scroll            |       |       |     6 |    18 |     8 |     6 ||    38
 Stab: Sleeping          |       |       |     1 |       |       |       ||     1
Armor: Robe              |       |     3 |    21 |    11 |       |       ||    35
       Troll leather arm |       |       |       |     4 |    48 |    37 ||    89
Dodge: Dodged            |    10 |    11 |    25 |    27 |    47 |    49 ||   169
Block: Buckler           |       |       |       |     4 |    16 |    20 ||    40

Table legend: (Time is in decaauts)
 A = Elapsed time spent in this place.
 B = Non-inter-level travel time spent in this place.
 C = Inter-level travel time spent in this place.
 D = Time resting spent in this place.
 E = Time spent auto-exploring this place.
 F = Levels seen in this place.
 G = Mean time per level.
                   A        B        C        D        E       F      G
               +--------+--------+--------+--------+--------+-----+--------+
         Total |  14106 |  12733 |   1373 |     25 |      6 |  28 |  503.8 |
       Dungeon |   7138 |   6477 |    661 |     18 |      0 |  14 |  509.9 |
        Temple |     30 |     16 |     14 |      0 |      6 |   1 |   30.0 |
          Lair |   3345 |   2996 |    349 |      7 |      0 |   6 |  557.5 |
     Snake Pit |   2473 |   2193 |    280 |      0 |      0 |   4 |  618.2 |
  Orcish Mines |    707 |    639 |     68 |      0 |      0 |   2 |  353.5 |
      Ice Cave |    411 |    411 |      0 |      0 |      0 |   1 |  411.0 |
               +--------+--------+--------+--------+--------+-----+--------+

Top non-repeatable levels by time:
    D:10: 766 daAuts
 Snake:2: 715 daAuts
  Lair:6: 708 daAuts
 Snake:4: 700 daAuts
    D:11: 696 daAuts
     D:3: 673 daAuts
    D:12: 670 daAuts
     D:1: 626 daAuts
  Lair:3: 592 daAuts
     D:7: 591 daAuts
  Lair:4: 573 daAuts
     D:9: 569 daAuts
 Snake:1: 569 daAuts
     D:2: 550 daAuts
  Lair:1: 536 daAuts
